 Dungeon Crawl Stone Soup version 0.27-a0-1384-g1422d76b99 (webtiles) character file.

Game seed: 6439300281293243019

74201 Tocho the Peltast (level 15, -26/134 HPs)
             Began as a Human Fighter on June 30, 2021.
             Was a High Priest of Makhleb.
             Killed from afar by a deep elf knight (39 damage)
             ... with a shard of ice
             ... on level 1 of the Orcish Mines.
             The game lasted 01:09:59 (25505 turns).

Tocho the Peltast (Human Fighter)                  Turns: 25505, Time: 01:09:59

Health: -26/134    AC: 18    Str: 28    XL:     15   Next: 93%
Magic:  0/20       EV: 16    Int: 15    God:    Makhleb [*****.]
Gold:   2736       SH: 24    Dex: 22    Spells: 9/14 levels left

rFire    . . .     SeeInvis .   f - +6 trident of Integrity {vorpal, rC- Str+5 Int+6}
rCold    x . .     Faith    .   w - +2 tower shield
rNeg     . . .     Spirit   +   c - +3 leather armour "Gucitoeliu" {Contam +Inv Slay+3}
rPois    .         Reflect  .   e - +0 hat
rElec    .         Harm     .   u - +0 cloak
rCorr    .         Rampage  .   p - +2 pair of gloves
Will     +....                  s - +2 pair of boots {Stlth+}
Stlth    ++++......             J - amulet of guardian spirit
HPRegen  0.32/turn              E - +6 ring of dexterity
MPRegen  0.17/turn              U - +4 ring of protection

@: no status effects
A: hooves 1, thin skeletal structure 1, low mp 1, robust 2, strong 1, evolution
1
a: Renounce Religion, Evoke Invisibility, Minor Destruction, Lesser Servant of
Makhleb, Major Destruction, Greater Servant of Makhleb


You were on level 1 of the Orcish Mines.
You worshipped Makhleb.
Makhleb was extremely pleased with you.
You visited 3 branches of the dungeon, and saw 19 of its levels.
You also visited: Ossuary.

You collected 3843 gold pieces.
You spent 1107 gold pieces at shops.

Inventory:

Hand Weapons
 f - the +6 trident of Integrity (weapon) {vorpal, rC- Str+5 Int+6}
   (You acquired it on level 1 of the Dungeon)

   It inflicts extra damage upon your enemies.
   Str:       It affects your strength (+5).
   Int:       It affects your intelligence (+6).
   rC:        It makes you vulnerable to cold.
 t - a +3 great sword of holy wrath
 X - the +10 whip of Winter {vorpal, Drain Fly rElec rCorr Dex+7}
   (You found it on level 10 of the Dungeon)

   It inflicts extra damage upon your enemies.
   Dex:       It affects your dexterity (+7).
   rElec:     It insulates you from electricity.
   Fly:       It grants you flight.
   rCorr:     It protects you from acid and corrosion.
   Drain:     It drains your maximum health when unequipped.
 Y - the +4 demon whip "Wayd" {pain, Fragile Will+ Int+6}
   (You found it on level 6 of the Lair of Beasts)

   In the hands of one skilled in necromantic magic, it inflicts extra damage on
   living creatures.
   Int:       It affects your intelligence (+6).
   Fragile:   It will be destroyed if unequipped.
   Will:      It increases your willpower.
Missiles
 a - 6 curare-tipped darts
 B - 74 poisoned darts (quivered)
Armour
 c - the +3 leather armour "Gucitoeliu" (worn) {Contam +Inv Slay+3}
   (You bought it in a shop on level 5 of the Dungeon)

   Slay:      It affects your accuracy & damage with ranged weapons and melee
   (+3).
   +Inv:      It lets you turn invisible.
   Contam:    It causes magical contamination when unequipped.
 e - a +0 hat (worn)
 p - a +2 pair of gloves (worn)
 s - a +2 pair of boots of stealth (worn)
 u - a +0 cloak (worn)
 w - a +2 tower shield (worn)
Jewellery
 g - a ring of willpower
 y - a ring of see invisible
 D - a ring of positive energy
 E - a +6 ring of dexterity (left hand)
 G - a ring of wizardry
 J - an amulet of guardian spirit (around neck)
 U - a +4 ring of protection (right hand)
 V - a +6 ring of intelligence
Wands
 m - a wand of acid (9)
 n - a wand of digging (7)
 K - a wand of charming (9)
 S - a wand of flame (46)
Scrolls
 b - 2 scrolls of silence
 i - 5 scrolls of teleportation
 j - 4 scrolls of magic mapping
 k - 3 scrolls of summoning
 o - 5 scrolls of amnesia
 q - a scroll of holy word
 r - 5 scrolls of fear
 x - 3 scrolls of vulnerability
 I - 2 scrolls of enchant weapon
 Q - 16 scrolls of identify
Potions
 d - 2 potions of flight
 h - 5 potions of brilliance
 l - 4 potions of curing
 v - 3 potions of haste
 z - 4 potions of lignification
 A - 10 potions of ambrosia
 F - a potion of might
 H - a potion of magic
 N - a potion of resistance
 P - 2 potions of invisibility
 Z - 2 potions of cancellation
Miscellaneous
 O - a phial of floods
 W - a condenser vane


   Skills:
 + Level 8.4 Fighting
 - Level 2.6 Long Blades
 * Level 2.1 Maces & Flails
 - Level 14.1 Polearms
 + Level 0.6 Throwing
 + Level 5.5 Armour
 + Level 7.9 Dodging
 - Level 0.2 Stealth
 * Level 15.7 Shields
 * Level 4.0 Hexes
 * Level 10.5 Invocations
 * Level 2.5 Evocations


You had 9 spell levels left.
You knew the following spells:

 Your Spells              Type           Power      Damage    Failure   Level
a - Slow                  Hex            12%        N/A       28%         2
b - Confusing Touch       Hex            12%        N/A       50%         3

Your spell library contained the following spells:

 Spells                   Type           Power      Damage    Failure   Level
 Corona                   Hex            13%        N/A       19%         1
 Tukima's Dance           Hex            12%        N/A       50%         3
 Ensorcelled Hibernation  Hex/Ice        12%        N/A       54%         2
 Sting                    Tmut/Pois      0%         1d3       69%         1
 Dazzling Flash           Conj/Hex       12%        N/A       78%         3
 Inner Flame              Hex/Fire       6%         N/A       78%         3
 Portal Projectile        Hex/Tloc       12%        N/A       78%         3
 Poisonous Vapours        Pois/Air       0%         N/A       83%         2
 Cause Fear               Hex            6%         N/A       88%         4
 Gell's Gravitas          Tloc           0%         N/A       96%         3
 Ignite Poison            Fire/Tmut/Pois 0%         N/A       96%         3
 Mephitic Cloud           Conj/Pois/Air  0%         N/A       96%         3
 Leda's Liquefaction      Hex/Erth       3%         N/A       99%         4
 Olgreb's Toxic Radiance  Pois           0%         N/A       100%        4
 Petrify                  Tmut/Erth      0%         N/A       100%        4
 Metabolic Englaciation   Hex/Ice        3%         N/A       100%        5
 Yara's Violent Unravell  Hex/Tmut       3%         3d4       100%        5


Dungeon Overview and Level Annotations

Branches:
Dungeon (12/15)            Temple (0/1) D:4            Lair (6/6) D:9
 Shoals (0/4) Lair:4       Spider (0/4) Lair:2        Slime (0/5) Lair:5
    Orc (1/2) D:12        Ossuary (visited)

Altars:
Fedhas
Hepliaklqana
Kikubaaqudgha
Makhleb
Okawaru
Sif Muna
Wu Jian
Yredelemnul
Zin
Beogh

Shops:
D:5 *?[   D:6 ?   D:8 :   D:9 ?   D:11 (   D:12 *

Annotations:
Lair:3 exclusion: 3 oklob plants


Innate Abilities, Weirdness & Mutations

You have large cloven feet.
You have a somewhat thin skeletal structure. (Dex +2, Stealth+)
Your magical capacity is low. (-10% MP)
You are very robust. (+20% HP)
Your muscles are strong. (Str +2)
You evolve.


Message History

Aim: an orc warlord, wielding a +5 great sword of holy wrath and wearing a +2 chain mail of cold resistance (lightly wounded, very poisoned) Really fire in your orange demon's direction?
Okay, then.
Unknown command.
A demon appears!
A demon appears!
A demon appears!
Your orange demon misses something.
Your orange demon hits something.
Your orange demon barely misses the deep elf knight.
Your smoke demon gestures at the deep elf knight.
The deep elf knight is smitten.
You hear some strange, mumbled words.
A shard of ice appears from out of thin air!
You block the shard of ice.
The deep elf knight hits your orange demon with a +0 short sword!
Something hits your orange demon!!
Your orange demon barely misses the deep elf knight. x2
The deep elf knight blocks your orange demon's attack.
You hear some strange, mumbled words.
A shard of ice appears from out of thin air!
The shard of ice hits you!!
You feel a painful chill!
* * * LOW HITPOINT WARNING * * *
The deep elf knight hits your orange demon with a +0 short sword.
Your orange demon dies!
You feel better.
A deep elf knight appears from thin air!
Reactivating autopickup.
The deep elf knight hits your smoke demon with a +0 scimitar.
Something hits you.
* * * LOW HITPOINT WARNING * * *
Deactivating autopickup; reactivate with Ctrl-A.
The deep elf knight blocks your orange demon's attack.
The deep elf knight hits your smoke demon with a +0 short sword.
The deep elf knight hits your smoke demon with a +0 scimitar.
Something hits you.
* * * LOW HITPOINT WARNING * * *
You swap places.
The deep elf knight gestures at you while chanting.
The shard of ice hits you!!!
You feel a painful chill!
You die...

######.#..{o.....#
##.....###..##
#....#[######
##.......#
##...#...##
###....#..o##
#....#####ee#
##.#...#4{3.##
###....@3.>.#
###.)4##.##
#####.)..####
##.#.#......##
#.....).)....#
##.#.)..#....###
#.....####....#
####..##.....##
#.......####


You could see an orc warlord (poisoned), 2 deep elf knights, 2 friendly orange
demons and 2 friendly smoke demons.

Vanquished Creatures
  The ghost of Bigaod the Fighter, a journeyman DsGl of Ru (Orc:1)
  2 catoblepae
  A boulder beetle (D:12)
  2 death knights (D:12)
  3 hydras
  A centaur warrior (D:12)
  7 two-headed ogres
  The ghost of freelancePsychic the Destroyer, a novice DsCj of Cheibriados (D:10)
  Urug (D:11)
  The ghost of siradein the Carver, a novice PaBe of Trog (D:7)
  A fire crab (Lair:6)
  A skeletal warrior (D:12)
  A swamp dragon (Lair:6)
  2 phantasmal warriors (D:12)
  Pikel (D:6)
  A wolf spider (Lair:2)
  2 manticores
  2 orc knights
  An ugly thing (D:12)
  21 elephants
  8 black mambas
  An eye of devastation (Lair:5)
  Joseph (D:9)
  A torpor snail (Lair:6)
  Psyche (D:8)
  10 cane toads
  5 rime drakes
  3 freezing wraiths (D:12)
  10 komodo dragons
  8 polar bears (Lair:6)
  A queen bee (D:9)
  A jumping spider (Lair:2)
  4 trolls
  Prince Ribbit (D:5)
  A hornet (Lair:5)
  A wind drake (Lair:4)
  2 raiju (Lair:6)
  15 blink frogs
  A shadow (D:12)
  2 redbacks (Lair:2)
  A wraith (D:10)
  3 basilisks
  5 wyverns
  Eustachio (D:6)
  48 yaks
  6 steam dragons
  6 vampire mosquitoes (D:12)
  A redback simulacrum (D:12)
  4 acid dragons
  24 water moccasins
  7 wargs
  A floating eye (Lair:5)
  9 hell hounds (Lair:6)
  A swamp drake (Lair:6)
  Duvessa (D:6)
  4 sky beasts
  10 orc warriors
  A hornet zombie (D:5)
  10 black bears
  3 ogres
  2 necrophages (D:4)
  30 wolves
  5 centaurs
  An elf zombie (Ossuary)
  The ghost of Frod the Digger, an amateur HuEE (D:3)
  A kobold brigand (D:8)
  8 bullfrogs
  A gnoll sergeant (D:6)
  A scorpion (D:5)
  Dowan (D:6)
  3 water moccasin skeletons
  29 killer bees
  8 wights
  5 howler monkeys
  A crimson imp (D:8)
  6 centaur zombies
  A bullfrog zombie (D:5)
  2 quasits (D:7)
  Crazy Yiuf (D:6)
  8 orc priests
  2 human zombies (Ossuary)
  A hound (D:7)
  A scorpion zombie (D:5)
  10 iguanas
  13 orc wizards
  7 hell rats (Lair:1)
  3 hound zombies (D:5)
  A hound skeleton (D:5)
  4 mummies (Ossuary)
  6 gnolls
  7 adders
  14 river rats (Lair:1)
  An ufetubus (D:5)
  An adder zombie (Ossuary)
  3 worms
  3 dart slugs
  48 orcs
  8 ball pythons
  4 bats
  8 endoplasms
  10 giant cockroaches
  13 goblins
  6 hobgoblins
  10 jackals
  12 quokkas
  5 frilled lizards
  A gnoll zombie (Ossuary)
  A goblin zombie (Ossuary)
  A hobgoblin zombie (Ossuary)
  A jackal zombie (Ossuary)
  13 kobolds
  2 kobold zombies (Ossuary)
  11 rats
  2 rat zombies (Ossuary)
  A spectral orc (D:5)
625 creatures vanquished.

Vanquished Creatures (collateral kills)
  Rupert (Lair:4)
  A fire dragon (Lair:6)
  4 hydras
  An orc knight (Orc:1)
  A cane toad (Lair:5)
  2 polar bears (Lair:6)
  A raiju (Lair:6)
  A blink frog (Lair:5)
  A yak (Lair:4)
  A warg (Lair:6)
  2 hell hounds (Lair:6)
  2 black bears (Lair:6)
  4 wolves
  A bullfrog (Lair:5)
23 creatures vanquished.

Vanquished Creatures (others)
  39 fungi
  60 plants
  8 withered plants (D:8)
107 creatures vanquished.

Grand Total: 755 creatures vanquished

Notes
Turn   | Place    | Note
-------+----------+-------------------------------------------
     0 | D:1      | Tocho the Human Fighter began the quest for the Orb.
     0 | D:1      | Reached XP level 1. HP: 18/18 MP: 1/1
    95 | D:1      | Reached XP level 2. HP: 24/24 MP: 2/2
   356 | D:1      | Reached XP level 3. HP: 20/29 MP: 3/3
   889 | D:1      | Identified 2 scrolls of acquirement
   889 | D:1      | Acquired the +6 trident of Integrity {vorpal, rC- Str+5
                  | Int+6}
   890 | D:1      | Acquired 1312 gold pieces
   937 | D:2      | Reached skill level 1 in Dodging
   980 | D:2      | Reached XP level 4. HP: 32/35 MP: 4/4
  1217 | D:2      | Reached skill level 1 in Polearms
  1239 | D:2      | Found a burning altar of Makhleb.
  1248 | D:2      | Became a worshipper of Makhleb the Destroyer
  1830 | D:3      | Reached XP level 5. HP: 41/41 MP: 5/5
  1852 | D:3      | Found a runed translucent door.
  1860 | D:3      | Noticed Frod's ghost (amateur HuEE)
  1886 | D:3      | Killed Frod's ghost
  1888 | D:3      | Reached XP level 6. HP: 36/47 MP: 6/6
  1994 | D:3      | Found a faded altar of an unknown god.
  2235 | D:3      | Reached * piety under Makhleb
  3019 | D:4      | Found a staircase to the Ecumenical Temple.
  3058 | D:4      | Noticed a necrophage
  3064 | D:4      | Killed a necrophage
  3065 | D:4      | Reached XP level 7. HP: 43/53 MP: 7/7
  3146 | D:4      | Found a shimmering blue altar of Sif Muna.
  3333 | D:4      | Found a hazy altar of Hepliaklqana.
  3445 | D:4      | Reached skill level 4 in Shields
  3616 | D:5      | Entered Level 5 of the Dungeon
  3631 | D:5      | Noticed Prince Ribbit
  3655 | D:5      | Reached ** piety under Makhleb
  3818 | D:5      | Found Ohurch's Armour Shoppe.
  3825 | D:5      | Bought the +3 leather armour "Gucitoeliu" {Contam +Inv
                  | Slay+3} for 570 gold pieces
  3867 | D:5      | Found a large runed translucent door.
  3868 | D:5      | Found a large runed translucent door.
  3880 | D:5      | Reached skill level 5 in Polearms
  3912 | D:5      | Reached XP level 8. HP: 54/60 MP: 8/8
  4037 | D:5      | Found a basalt altar of Yredelemnul.
  4055 | D:5      | Found a sand-covered staircase.
  4062 | Ossuary  | Entered an ossuary
  4094 | Ossuary  | Reached skill level 5 in Shields
  4415 | D:5      | Found Syenk's Assorted Antiques.
  4431 | D:5      | Bought a scroll labelled KEAFEBLOTEU for 29 gold pieces
  4431 | D:5      | Bought a scroll labelled USOJOGREFIM for 29 gold pieces
  4431 | D:5      | Bought a scroll of identify for 58 gold pieces
  4683 | D:5      | Killed Prince Ribbit
  4911 | D:5      | Reached XP level 9. HP: 58/65 MP: 9/9
  4954 | D:5      | Found Aqun's Magic Scroll Emporium.
  4961 | D:5      | Bought a scroll of identify for 28 gold pieces
  4961 | D:5      | Bought a scroll of identify for 28 gold pieces
  5224 | D:5      | Reached skill level 1 in Invocations
  5352 | D:5      | Reached skill level 6 in Shields
  5509 | D:5      | Found an ornate altar of the Wu Jian Council.
  5521 | D:5      | Found a glowing silver altar of Zin.
  5717 | D:6      | Found Peucis's Magic Scroll Shoppe.
  5727 | D:6      | Bought a scroll of magic mapping for 49 gold pieces
  5727 | D:6      | Bought a scroll of identify for 28 gold pieces
  5727 | D:6      | Bought a scroll of identify for 28 gold pieces
  5727 | D:6      | Bought a scroll of identify for 28 gold pieces
  5829 | D:6      | Noticed Eustachio
  5837 | D:6      | Killed Eustachio
  6161 | D:6      | Noticed Duvessa
  6162 | D:6      | Noticed Dowan
  6175 | D:6      | Killed Duvessa
  6180 | D:6      | Killed Dowan
  6460 | D:6      | Noticed Pikel
  6475 | D:6      | Killed Pikel
  6476 | D:6      | Reached skill level 7 in Shields
  6476 | D:6      | Reached XP level 10. HP: 52/73 MP: 10/12
  6857 | D:6      | Found a runed translucent door.
  6858 | D:6      | Noticed Crazy Yiuf
  6863 | D:6      | Killed Crazy Yiuf
  6957 | D:7      | Reached skill level 5 in Fighting
  6959 | D:7      | Reached *** piety under Makhleb
  6967 | D:7      | Found a transporter.
  7184 | D:7      | Noticed siradein's ghost (novice PaBe)
  7214 | D:7      | Killed siradein's ghost
  7229 | D:7      | Found a transporter.
  7304 | D:7      | Reached skill level 8 in Shields
  7338 | D:7      | Found a blossoming altar of Fedhas.
  7567 | D:8      | Reached skill level 5 in Invocations
  7784 | D:8      | Reached **** piety under Makhleb
  7919 | D:8      | Noticed a two-headed ogre
  7928 | D:8      | Killed a two-headed ogre
  7929 | D:8      | Reached skill level 10 in Polearms
  7929 | D:8      | Reached XP level 11. HP: 64/80 MP: 14/14
  7999 | D:8      | Noticed Psyche
  8007 | D:8      | Killed Psyche
  8042 | D:8      | Found an ancient bone altar of Kikubaaqudgha.
  8054 | D:8      | Found Jyeror's Book Shop.
  8222 | D:8      | Reached skill level 9 in Shields
  8698 | D:8      | Found a burning altar of Makhleb.
  8767 | D:9      | Noticed a two-headed ogre
  8781 | D:9      | Killed a two-headed ogre
  8847 | D:9      | Noticed Joseph
  8864 | D:9      | Killed Joseph
  9436 | D:9      | Reached skill level 5 in Dodging
  9488 | D:9      | Found Ruvituxt's Magic Scroll Emporium.
  9498 | D:9      | Bought a scroll of identify for 30 gold pieces
  9498 | D:9      | Bought a scroll of identify for 30 gold pieces
  9498 | D:9      | Bought a scroll of identify for 30 gold pieces
  9498 | D:9      | Bought a scroll of identify for 30 gold pieces
  9498 | D:9      | Bought a scroll of enchant armour for 112 gold pieces
  9589 | D:9      | Gained mutation: You evolve. [potion of mutation]
  9589 | D:9      | Gained mutation: Your magical capacity is low. (-10% MP)
                  | [potion of mutation]
  9779 | D:9      | Reached skill level 10 in Shields
 10024 | D:9      | Found a staircase to the Lair.
 10198 | Lair:1   | Entered Level 1 of the Lair of Beasts
 10200 | Lair:1   | Noticed an eight-headed hydra
 10209 | Lair:1   | Killed an eight-headed hydra
 10209 | Lair:1   | Reached ***** piety under Makhleb
 10210 | Lair:1   | Reached XP level 12. HP: 62/88 MP: 10/15
 10904 | Lair:1   | Noticed a catoblepas
 10920 | Lair:1   | Killed a catoblepas
 11466 | Lair:1   | Reached skill level 11 in Shields
 11522 | Lair:1   | Acquired 936 gold pieces
 11763 | Lair:2   | Gained mutation: You have large cloven feet. [evolution]
 12665 | Lair:2   | Found a hole to the Spider Nest.
 13284 | Lair:3   | Noticed a seven-headed hydra
 13290 | Lair:3   | Killed a seven-headed hydra
 13291 | Lair:3   | Reached XP level 13. HP: 71/95 MP: 11/16
 14003 | Lair:3   | Reached skill level 12 in Shields
 14431 | Lair:4   | Noticed a five-headed hydra
 14436 | Lair:4   | Killed a five-headed hydra
 14437 | Lair:4   | Reached skill level 5 in Armour
 14468 | Lair:4   | Noticed Rupert
 14499 | Lair:4   | Killed Rupert
 14664 | Lair:4   | Noticed a catoblepas
 14677 | Lair:4   | Killed a catoblepas
 14711 | Lair:4   | Gained mutation: Your muscles are strong. (Str +2)
                  | [evolution]
 15163 | Lair:4   | Identified the +6 fustibalus "Qesuunn" {venom, rN+ rCorr
                  | Int-5}
 15412 | Lair:4   | Reached skill level 13 in Shields
 15695 | Lair:4   | Found a staircase to the Shoals.
 16207 | Lair:5   | Noticed a seven-headed hydra
 16217 | Lair:5   | Killed a seven-headed hydra
 16347 | Lair:5   | Noticed an eight-headed hydra
 16352 | Lair:5   | Noticed a six-headed hydra
 16353 | Lair:5   | Killed an eight-headed hydra
 16354 | Lair:5   | Reached XP level 14. HP: 74/103 MP: 13/18
 16398 | Lair:5   | Learned a level 2 spell: Slow
 16402 | Lair:5   | Learned a level 3 spell: Confusing Touch
 17019 | Lair:5   | Found a staircase to the Slime Pits.
 17392 | Lair:6   | Entered Level 6 of the Lair of Beasts
 17639 | Lair:6   | Gained mutation: You are robust. (+10% HP) [evolution]
 18036 | Lair:5   | Reached skill level 14 in Shields
 18770 | Lair:6   | Reached skill level 1 in Hexes
 19339 | Lair:6   | Identified the +4 demon whip "Wayd" {pain, Fragile Will+
                  | Int+6}
 19468 | Lair:6   | Reached ****** piety under Makhleb
 19734 | Lair:6   | Reached XP level 15. HP: 92/121 MP: 14/20
 21003 | Lair:6   | Gained mutation: You have a somewhat thin skeletal
                  | structure. (Dex +2, Stealth+) [evolution]
 21507 | Lair:4   | Reached skill level 15 in Shields
 22309 | D:10     | Entered Level 10 of the Dungeon
 22319 | D:10     | Reached skill level 1 in Evocations
 22590 | D:10     | Reached skill level 10 in Invocations
 22790 | D:10     | Found a runed translucent door.
 22793 | D:10     | Noticed freelancePsychic's ghost (novice DsCj)
 22945 | D:10     | Killed freelancePsychic's ghost
 22948 | D:10     | Identified the +10 whip of Winter {vorpal, Drain Fly rElec
                  | rCorr Dex+7}
 22962 | D:11     | Found Kiupsurr's Weapon Emporium.
 23396 | D:11     | Noticed Urug
 23416 | D:11     | Killed Urug
 23668 | D:12     | Found a staircase to the Orcish Mines.
 23915 | D:12     | Reached skill level 1 in Maces & Flails
 24069 | D:12     | Found Ejoed's General Store.
 24216 | D:12     | Gained mutation: You are very robust. (+20% HP) [evolution]
 24959 | Orc:1    | Entered Level 1 of the Orcish Mines
 25404 | Orc:1    | Found a runed translucent gate.
 25404 | Orc:1    | Found a runed translucent gate.
 25404 | Orc:1    | Found a runed translucent gate.
 25405 | Orc:1    | Noticed an orc warlord
 25407 | Orc:1    | Noticed Bigaod's ghost (journeyman DsGl)
 25460 | Orc:1    | Found an iron altar of Okawaru.
 25481 | Orc:1    | Killed Bigaod's ghost
 25503 | Orc:1    | HP: 6/134 [something/shard of ice (14)]
 25505 | Orc:1    | Killed from afar by a deep elf knight

Illustrated notes

Levels and vault maps discovered:
D:1:      nzn_arrival_depleted_hourglass, layout_rooms
D:2:      wander_river, layout_loops_ring, basic_altar, minmay_misc_feat_alley
D:3:      layout_rooms, shapermc_ecumenical_altar_starsandcircs,
          ebering_ghost_sewer_d, amethyst_killhole, kennysheep_generic_room_12
D:4:      layout_gridville, kennysheep_mini_moat, kennysheep_orc_sif_temple,
          minmay_temple_entry_waves, kennysheep_small_square
D:5:      layout_loops_corners, yredelemnul_forgotten_temple_becter,
          jmf_multi_god_temple2, serial_undead, serial_undead_f,
          serial_undead_d, serial_undead_b, serial_undead_e,
          chequers_ossuary_entry_cave, serial_shops, nicolae_shop_crystal, shop,
          shop, patterned_corridor, uniq_prince_ribbit1
D:6:      layout_basic, serial_shops, nicolae_shop_stone, uniq_duvessa,
          uniq_crazy_yiuf_cottage, uniq_eustachio, uniq_pikel
D:7:      layout_rooms, old_standard_altar, gammafunk_ghost_stat_death,
          st_stairs_6
D:8:      layout_cave_pods, makhleb_grotto_becter, kiku_gazebo_garden_becter,
          serial_shops, shop_statue, uniq_psyche
D:9:      layout_cave_pools, lair_entry_dummy, serial_shops, nicolae_shop_trees,
          special_room [special_room_bee], enter_bailey_3,
          minmay_misc_feat_room, chequers_serial_rivers_micro_a, uniq_joseph
D:10:     layout_roguey, gammafunk_ghost_grave
D:11:     layout_rooms, serial_shops, nicolae_stop_n_shop_2, uniq_urug
D:12:     layout_roguey, minmay_orc_entry_temple_small, serial_shops, shop
Lair:1:   lemuel_ratsnest, layout_layer_cave
Lair:2:   layout_concentric_octagons, spider_nest_entry_funnel_web
Lair:3:   dpeg_oklob_gauntlet, layout_chaotic_city, st_stairs_4,
          grunt_megastairs_1
Lair:4:   layout_cave_pods, minmay_shoals_entry_beasts, minmay_holes,
          grunt_forest_stairs_basic, uniq_rupert
Lair:5:   layout_regular_city, minmay_slime_entry_eyes, serial_bayou_pond_e
Lair:6:   hangedman_lair_caniforms_friends, layout_gridlike,
          guppyfry_lair_end_dragon
Orc:1:    layout_diamond_mine, gammafunk_ghost_fury_of_okawaru, library_closet

Skill      XL: |  1  2  3  4  5  6  7  8  9 10 11 12 13 14 15 |
---------------+----------------------------------------------+-----
Dodging        | 1 2 3 4 5 6 7 |  7.9
Polearms       | 1 2 4 5 6 8 10 11 12 13 14 | 14.1
Shields        | 4 5 7 8 10 11 13 14 15 | 15.7
Fighting       | 4 5 6 7 8 |  8.4
Armour         | 4 5 |  5.5
Invocations    | 3 5 6 7 8 9 10 | 10.5
Hexes          | 1 4 |  4.0
Evocations     | 2 |  2.5
Maces & Flails | 2 |  2.1
Long Blades    | |  2.6
Throwing       | |  0.6
Stealth        | |  0.2

Action                   |  1- 3 |  4- 6 |  7- 9 | 10-12 | 13-15 || total
-------------------------+-------+-------+-------+-------+-------++-------
Melee: Long sword        |    67 |       |       |       |       ||    67
       Trident           |    10 |   161 |   222 |   658 |  1235 ||  2286
Throw: Dart              |       |       |       |       |    22 ||    22
 Cast: Confusing Touch   |       |       |       |       |     1 ||     1
Invok: Minor Destruction |       |       |       |     2 |       ||     2
       Lesser Servant of |       |       |       |     2 |    28 ||    30
       Major Destruction |       |       |       |     1 |    13 ||    14
       Greater Servant o |       |       |       |       |     1 ||     1
  Use: Scroll            |     7 |       |    15 |     8 |    10 ||    40
       Potion            |       |       |     2 |     4 |     7 ||    13
 Stab: Sleeping          |       |       |       |     1 |     8 ||     9
       Distracted        |       |       |       |       |     6 ||     6
Armor: Scale mail        |    49 |    36 |       |       |       ||    85
       Ring mail         |       |    15 |    10 |       |       ||    25
       Leather armour    |       |       |    54 |   199 |   205 ||   458
Dodge: Dodged            |    41 |    68 |    62 |   196 |   321 ||   688
Block: Kite shield       |    45 |    86 |    12 |       |       ||   143
       Tower shield      |       |       |   166 |   703 |  1247 ||  2116
       Rpst.: Long sword |    12 |       |       |       |       ||    12

Table legend: (Time is in decaauts)
 A = Elapsed time spent in this place.
 B = Non-inter-level travel time spent in this place.
 C = Inter-level travel time spent in this place.
 D = Time resting spent in this place.
 E = Time spent auto-exploring this place.
 F = Levels seen in this place.
 G = Mean time per level.
                   A        B        C        D        E       F      G
               +--------+--------+--------+--------+--------+-----+--------+
         Total |  25620 |  24909 |    711 |   3086 |  15763 |  20 | 1281.0 |
       Dungeon |  12985 |  12518 |    467 |    627 |   9167 |  12 | 1082.1 |
          Lair |  11990 |  11746 |    244 |   2459 |   6199 |   6 | 1998.3 |
  Orcish Mines |    304 |    304 |      0 |      0 |    151 |   1 |  304.0 |
       Ossuary |    340 |    340 |      0 |      0 |    246 |   1 |  340.0 |
               +--------+--------+--------+--------+--------+-----+--------+

Top non-repeatable levels by time:
  Lair:6: 2858 daAuts
  Lair:4: 2200 daAuts
  Lair:5: 2194 daAuts
     D:5: 1784 daAuts
  Lair:3: 1671 daAuts
  Lair:1: 1569 daAuts
     D:8: 1561 daAuts
    D:12: 1500 daAuts
  Lair:2: 1495 daAuts
     D:6: 1256 daAuts
     D:9: 1161 daAuts
     D:3: 1074 daAuts
     D:4: 996 daAuts
     D:1: 931 daAuts
     D:2: 769 daAuts
